 Dungeon Crawl Stone Soup version 0.31.0-9-g3a7656b989 (webtiles) character file.

Game seed: 4839428401820355753

196 qw the Ducker (level 5, -3/26 HPs)
             Began as a Spriggan Hunter on Feb 2, 2024.
             Incinerated by a bombardier beetle (6 damage)
             ... with a burning spray
             ... on level 3 of the Dungeon.
             The game lasted 00:00:06 (1735 turns).

qw the Ducker (Spriggan Hunter)                     Turns: 1735, Time: 00:00:06

Health: -3/26      AC:  5    Str:  7    XL:     5   Next: 45%
Magic:  6/6        EV: 36    Int: 10    God:
Gold:   111        SH:  0    Dex: 21    Spells: 4/4 levels left

rFire   . . .        a - +0 shortbow
rCold   . . .        (shield currently unavailable)
rNeg    . . .        c - +0 robe
rPois   .            (helmet restricted)
rElec   .            i - +2 cloak
rCorr   .            (gloves unavailable)
SInv    +            (boots unavailable)
Will    .....        h - amulet of the acrobat
Stlth   +            (no ring)
HPRegen 0.24/turn    (no ring)
MPRegen 0.10/turn

%: acrobat
@: on fire, acrobatic, glowing, very quick
A: very small, no large weapons, unfitting armour, see invisible, speed 3
a: no special abilities


You were on level 3 of the Dungeon.
You visited 1 branch of the dungeon, and saw 3 of its levels.

You collected 111 gold pieces.


Innate Abilities, Weirdness & Mutations

You are very small and have problems with some larger weapons.
You are too small for most types of armour.
You have supernaturally acute eyesight. (SInv)
You cover ground extremely quickly. (Speed+++)


   Skills:
 - Level 2.1 Fighting
 + Level 5.1 Ranged Weapons
 - Level 5.9 Dodging
 - Level 1.5 Stealth


You had 4 spell levels left.
You didn't know any spells.
Your spell library was empty.

Inventory:

Hand Weapons
 a - a +0 shortbow (weapon)
Armour
 c - a +0 robe (worn)
 i - a +2 cloak (worn)
Jewellery
 h - an amulet of the acrobat (around neck)
Scrolls
 g - a scroll of teleportation {unknown}
 j - a scroll of fear {unknown}
 k - a scroll of identify {unknown}
Potions
 b - a potion of heal wounds {unknown}
 d - a potion of haste {unknown}
 e - a potion of cancellation {unknown}
 f - a potion of curing {unknown}

Dungeon Overview and Level Annotations

Branches:
Dungeon (3/15)

Altars:


Message History

The bat closely misses you.
You shoot an arrow. The arrow hits the bat.
You kill the bat!
You start resting.
HP restored.
Found a stone staircase leading down.
You see here 2 scrolls of fog.
There is a stone staircase leading down here.
A rat comes into view.
You shoot an arrow. The arrow hits the rat!
You kill the rat!
A bombardier beetle comes into view.
You shoot an arrow.
The arrow barely misses the bombardier beetle.
You shoot an arrow.
The arrow hits the bombardier beetle but does no damage.
You shoot an arrow. The arrow hits the bombardier beetle.
The bombardier beetle is lightly wounded.
You shoot an arrow. The arrow hits the bombardier beetle!
The bombardier beetle is heavily wounded.
The bombardier beetle sprays incendiary fluid at you.
The burning spray hits you.
You are covered in liquid fire!
You shoot an arrow. The arrow hits the bombardier beetle!
You kill the bombardier beetle!
The liquid fire burns you!
Your Fighting skill increases to level 2!
You are on fire!
The liquid fire burns you!
You are on fire!
The liquid fire burns you!
You are on fire!
The liquid fire burns you!
You are on fire!
The liquid fire burns you!
You are on fire!
The liquid fire burns you!
You are on fire!
The liquid fire burns you!
You die...

#............
#.#.#.#.#.#.#
#..#.####...
##...# .##
###.# .# #.#
.# #.# ##.##
#.####...###..
#.....@......#
######...#####
##.## .%. ####


There were no monsters in sight!

Vanquished Creatures
  An ogre (D:3)
  A bombardier beetle (D:3)
  2 adders (D:2)
  A dart slug (D:3)
  A ribbon worm (D:3)
  2 ball pythons
  4 endoplasms
  A giant cockroach (D:3)
  8 goblins
  6 hobgoblins
  11 jackals
  4 quokkas
  7 bats
  2 frilled lizards
  5 rats
56 creatures vanquished.

Notes
Turn   | Place    | Note
-------+----------+-------------------------------------------
     0 | D:1      | qw the Spriggan Hunter began the quest for the Orb.
     0 | D:1      | Reached XP level 1. HP: 10/10 MP: 2/2
     0 | D:1      | 0 ||| qw: Version: 0.3-a-155-g5e7d8dd
     0 | D:1      | 0 ||| qw: Game counter: 45
     0 | D:1      | 0 ||| qw: Melee chars always use a shield: true
     0 | D:1      | 0 ||| qw: God list: Okawaru
     0 | D:1      | 0 ||| qw: Allow faded altars: false
     0 | D:1      | 0 ||| qw: Do Orc after clearing Dungeon:15 true
     0 | D:1      | 0 ||| qw: Do second Lair branch before Depths: true
     0 | D:1      | 0 ||| qw: Lair rune preference: random
     0 | D:1      | 0 ||| qw: Goals: Normal
     0 | D:1      | 0 ||| PLANNING D:1-11
    16 | D:1      | Reached skill level 3 in Dodging
   130 | D:1      | Reached XP level 2. HP: 14/14 MP: 3/3
   614 | D:1      | Reached XP level 3. HP: 18/18 MP: 4/4
   823 | D:1      | 823 ||| UPGRADING to +2 cloak.
   828 | D:1      | 828 ||| UPGRADING to amulet of the acrobat.
   833 | D:1      | 833 ||| READING scroll labelled VUHOFA BUGECA.
   834 | D:1      | 834 ||| READING scroll labelled HOYSAUNAFU.
   935 | D:1      | 935 ||| READING scroll labelled ULLERI ESOCW.
   936 | D:1      | 936 ||| DROPPING scroll of butterflies.
  1267 | D:2      | Reached XP level 4. HP: 22/22 MP: 5/5
  1373 | D:2      | Found a faded altar of an unknown god.
  1487 | D:2      | 1487 ||| DROPPING +1 cloak.
  1488 | D:2      | 1488 ||| READING 2 scrolls labelled DOIPOK TUVVEASCH.
  1489 | D:2      | 1489 ||| DROPPING scroll of fog.
  1685 | D:3      | Noticed an ogre
  1691 | D:3      | Killed an ogre
  1692 | D:3      | Reached XP level 5. HP: 23/25 MP: 6/6
  1733 | D:3      | HP: 5/26 [burnt (5)]
  1735 | D:3      | Incinerated by a bombardier beetle

Levels and vault maps discovered:
D:1:      lightli_arrival_noodles, layout_basic
D:2:      layout_basic, dilly_ecumenical_altar_fadedgnrine
D:3:      layout_loops_ring, st_stairs_11

Skill      XL: |  1  2  3  4  5 |
---------------+----------------+-----
Dodging        | 3 4 5 |  5.9
Ranged Weapons | 5 |  5.1
Fighting       | 2 |  2.1
Stealth        | |  1.5

Action                     |  1- 3 |  4- 6 || total
---------------------------+-------+-------++-------
   Fire: Shortbow          |   131 |    37 ||   168
    Use: Scroll            |     3 |     1 ||     4
 Armour: Robe              |    34 |     4 ||    38
  Dodge: Dodged            |    88 |    17 ||   105

Table legend:
 A = Non-vault XP
 B = Vault XP
 C = Vault XP percentage of total XP
 D = Non-vault monster count
 E = Vault monster count
 F = Vault count percentage of total count
                 A         B        C        D         E       F
            +---------+---------+-------+---------+---------+-------
      Total |     272 |       8 |   2.9 |      53 |       3 |   5.4
            +---------+---------+-------+---------+---------+-------
        D:1 |      42 |       0 |   0.0 |      23 |       0 |   0.0
        D:2 |      62 |       0 |   0.0 |      22 |       0 |   0.0
        D:3 |     168 |       8 |   4.5 |       8 |       3 |  27.3
            +---------+---------+-------+---------+---------+-------
